 Dungeon Crawl Stone Soup version 0.23.0 (webtiles) character file.

Game seed: 492574065512210134

27730 Think the Cruncher (level 13, -16/84 HPs)
             Began as a Gargoyle Monk on Feb 20, 2019.
             Was the Champion of Okawaru.
             Demolished by an orc warlord
             ... wielding a +0 war axe
              (27 damage)
             ... on level 1 of the Orcish Mines on Feb 21, 2019.
             The game lasted 00:48:56 (16025 turns).

Think the Cruncher (Gargoyle Monk)                 Turns: 16025, Time: 00:48:56

Health: -16/84     AC: 18    Str: 16    XL:     13   Next: 34%
Magic:  11/14      EV: 25    Int: 11    God:    Okawaru [******]
Gold:   660        SH:  0    Dex: 24    Spells: 10/12 levels left

rFire    + . .     SeeInvis .   F - +1 lajatang of Ravaas {flame, Dex+6}
rCold    . . .     Gourm    .   (shield currently unavailable)
rNeg     + . .     Faith    .   M - +1 leather armour "Mysul" {Dex+2}
rPois    ∞         Spirit   .   (no helmet)
rElec    +         Reflect  .   (no cloak)
rCorr    .         Harm     .   (no gloves)
MR       +....                  o - +1 pair of boots
Stlth    ++++......             (no amulet)
HPRegen  0.24/turn              g - ring of protection from fire
MPRegen  0.14/turn              w - ring of protection from magic

@: swift, heroism, very quick
A: negative energy resistance 1, electricity resistance, unbreathing,
petrification resistance, rot immunity, AC +9
a: Heroism, Finesse, Renounce Religion


You were on level 1 of the Orcish Mines.
You worshipped Okawaru.
Okawaru was exalted by your worship.
You were hungry.

You visited 3 branches of the dungeon, and saw 16 of its levels.

You collected 1620 gold pieces.
You spent 960 gold pieces at shops.

Inventory:

Hand Weapons
 a - a +0 mace
 j - the +9 quarterstaff of Kasy {drain, SInv Stlth+}
   (You found it on level 1 of the Dungeon)

   A truly terrible weapon, it drains the life of those it strikes.
   It lets you see invisible.
   It makes you more stealthy.
 A - a +3 whip of electrocution
 F - the +1 lajatang of Ravaas (weapon) {flame, Dex+6}
   (Okawaru gifted it to you on level 1 of the Lair of Beasts)

   It has been specially enchanted to burn those struck by it, causing extra
   injury to most foes and up to half again as much damage against particularly
   susceptible opponents.
   Big, fiery blades are also staple armaments of hydra-hunters.
   It affects your dexterity (+6).
 H - a +1 great mace of protection
Armour
 b - a +1 robe
 l - a +2 robe of cold resistance
 o - a +1 pair of boots (worn)
 q - a +0 hat
 t - a +0 ring mail
 v - the +1 robe of Noughts and Crosses {rPois Str+5}
   (You found it on level 4 of the Dungeon)

   It affects your strength (+5).
   It protects you from poison.
 x - a +0 plate armour
 I - a +0 pair of gloves of archery
 M - the +1 leather armour "Mysul" (worn) {Dex+2}
   (You found it on level 9 of the Dungeon)

   It affects your dexterity (+2).
Jewellery
 g - a ring of protection from fire (left hand)
 w - a ring of protection from magic (right hand)
Wands
 y - a wand of scattershot (5)
 z - a wand of acid (26)
 B - a wand of digging (7)
 E - a wand of flame (16)
 G - a wand of paralysis (12)
Scrolls
 e - 2 scrolls of magic mapping
 h - 2 scrolls of teleportation
 k - a scroll of enchant armour
 m - a scroll of random uselessness
 s - 3 scrolls of remove curse
 C - 2 scrolls of noise
 D - 2 scrolls of enchant weapon
 L - 2 scrolls of immolation
 O - a scroll of identify
Potions
 d - 4 potions of curing
 i - a potion of resistance
 r - 2 potions of brilliance
 u - a potion of magic
Miscellaneous
 f - a lightning rod (4/4)
 p - a lightning rod (4/4)
 N - a crystal ball of energy
Comestibles
 c - 31 rations


   Skills:
 + Level 11.1(16.1) Fighting
 - Level 3.3(14.4) Maces & Flails
 * Level 13.2(18.3) Staves
 + Level 10.5(15.5) Armour
 + Level 8.7(13.7) Dodging
 - Level 2.1(7.1) Stealth
 + Level 3.8 Air Magic
 + Level 2.2 Evocations


You had 10 spell levels left.
You knew the following spells:

 Your Spells              Type           Power        Failure   Level  Hunger
a - Swiftness             Chrm/Air       #.......     28%         2    ###....

Your spell library contained the following spells:

 Spells                   Type           Power        Failure   Level  Hunger
 Shock                    Conj/Air       #...         19%         1    ##.....
 Corona                   Hex            #......      38%         1    ##.....
 Static Discharge         Conj/Air       #.......     50%         3    ####...
 Ensorcelled Hibernation  Hex/Ice        #.....       52%         2    ###....
 Airstrike                Air            #.........   65%         4    #####..
 Confuse                  Hex            #.......     77%         3    ####...
 Dazzling Spray           Conj/Hex       #.....       77%         3    ####...
 Tukima's Dance           Hex            #.......     77%         3    ####...
 Lightning Bolt           Conj/Air       #.........   99%         5    ######.


Dungeon Overview and Level Annotations

Branches:
Dungeon (10/15)            Temple (0/1) D:5            Lair (4/6) D:8
 Shoals (0/4) Lair:4        Snake (0/4) Lair:4          Orc (2/2) D:9
    Elf: Orc:2

Altars:
Ashenzari
Cheibriados
Dithmenos
Elyvilon
Hepliaklqana
Makhleb
Nemelex Xobeh
Okawaru
Trog
Uskayaw
Vehumet
Wu Jian
Yredelemnul
Zin
The Shining One
Beogh

Shops:
D:7 !   D:8 %   D:9 =!}

Annotations:
D:8 3 runed translucent doors, spsoon's ghost, novice VSGl


Innate Abilities, Weirdness & Mutations

You are resistant to torment.
Your stone body is resilient. (AC +9)
You are immune to poison.
You resist negative energy. (rN+)
You are resistant to electric shocks. (rElec)
You can survive without breathing.
You are immune to petrification.
You are immune to rotting.


Message History

The orc misses you. The orc warlord blocks your attack.
The orc warlord is lightly wounded.
You are feeling hungry.
The orc completely misses you. The orc warlord blocks your attack.
The orc warlord is lightly wounded.
The orc warlord hits you with a +0 war axe!
* * * LOW HITPOINT WARNING * * *
The orc warrior misses you. The orc hits you but does no damage.
The orc closely misses you.
Items here: )) [ ÷ † a +0 club; a cursed +0 plate armour; a +0 flail; an orc corpse; an orc skeleton
Okay, then.
Casting: Swiftness (safe; 28% risk of failure)
Confirm with . or Enter, or press ? or * to list all spells.
You feel quick. The orc completely misses you. The orc misses you.
The orc warrior completely misses you.
The orc warlord hits you with a +0 war axe!!
You die...

###.......###
###.....##
###........##
##...........#
####
##.....#......###
##...
#...§.####....#.#
#....
###..§§##......##
#..##
##§.§oo......##
##'##.
#..§§o@§§....#
#..#..
##.#§o§§§...##
#..#..
###§§§§§.###
#..'.. #...##.##
#..#.. ##...###
#..#.. ##.##
##'##. ### #..##
#.... ##...


You could see an orc warlord, an orc warrior and 2 orcs.

Vanquished Creatures
  Harold (D:7)
  A hydra (Lair:1)
  A centaur warrior (D:10)
  A two-headed ogre (D:8)
  Pikel (D:7)
  2 orc knights
  A black mamba (Lair:2)
  3 merfolk sirens (Lair:4)
  5 elephants (Lair:3)
  Joseph (Lair:1)
  4 spiny frogs
  A gargoyle (D:10)
  A rime drake (Lair:3)
  3 komodo dragons
  A merfolk (Lair:4)
  A hornet (Lair:3)
  10 blink frogs
  4 hippogriffs
  Prince Ribbit (D:7)
  Sigmund (D:3)
  2 wyverns
  22 yaks
  A vampire (D:9)
  A basilisk (Lair:4)
  Grum (D:9)
  A hungry ghost (D:9)
  2 wargs (D:9)
  7 water moccasins
  4 porcupines
  24 orc warriors
  2 ice beasts (D:5)
  A hornet zombie (D:6)
  5 sky beasts
  2 black bears
  3 centaurs
  An eye of draining (D:5)
  11 ogres
  A phantom (D:5)
  20 wolves
  5 crocodiles
  13 bullfrogs
  A gnoll sergeant (D:9)
  4 scorpions
  A howler monkey (D:6)
  A centaur zombie (D:8)
  2 crimson imps
  14 orc priests
  3 bullfrog skeletons
  4 hounds
  2 jellies
  A gnoll shaman (D:5)
  Crazy Yiuf (D:7)
  An iguana (D:5)
  16 orc wizards
  5 worker ants
  A hound skeleton (D:6)
  2 worker ant zombies (D:10)
  10 adders
  8 gnolls
  A shadow imp (D:6)
  2 oozes
  2 adder skeletons
  3 worms
  5 dart slugs
  3 leopard geckos
  73 orcs
  A ball python (D:4)
  3 giant cockroaches
  3 goblins
  7 hobgoblins
  15 jackals
  7 kobolds
  3 quokkas
  6 bats
  5 frilled lizards
  A giant cockroach zombie (D:5)
  11 rats
401 creatures vanquished.

Vanquished Creatures (others)
  A slave (D:7)
  2 orc wizards (D:7)
  3 fungi
  3 plants
9 creatures vanquished.

Grand Total: 410 creatures vanquished

Notes
Turn   | Place    | Note
-------+----------+-------------------------------------------
     0 | D:1      | Think the Gargoyle Monk began the quest for the Orb.
     0 | D:1      | Reached XP level 1. HP: 14/14 MP: 1/1
    70 | D:1      | Reached XP level 2. HP: 14/19 MP: 2/2
   109 | D:1      | Reached skill level 1 in Armour
   468 | D:1      | Reached XP level 3. HP: 17/23 MP: 3/3
  1089 | D:1      | Got an ichor-stained quarterstaff
  1092 | D:1      | Identified the +9 quarterstaff of Kasy {drain, SInv Stlth+}
                  | (You found it on level 1 of the Dungeon)
  1214 | D:2      | Found an iron altar of Okawaru.
  1231 | D:2      | Became a worshipper of Warmaster Okawaru
  1231 | D:2      | Reached * piety under Okawaru
  1231 | D:2      | Reached ** piety under Okawaru
  1392 | D:2      | Reached XP level 4. HP: 29/29 MP: 4/4
  1443 | D:2      | Found a white marble altar of Elyvilon.
  1448 | D:2      | Reached skill level 1 in Staves
  1466 | D:2      | Noticed an ogre
  1473 | D:2      | Killed an ogre
  1473 | D:2      | Reached skill level 2 in Staves
  1473 | D:2      | Reached XP level 5. HP: 19/33 MP: 5/5
  1915 | D:3      | Found a hazy altar of Hepliaklqana.
  1994 | D:3      | Noticed Sigmund
  2003 | D:3      | Killed Sigmund
  2003 | D:3      | Reached *** piety under Okawaru
  2003 | D:3      | Reached skill level 3 in Staves
  2003 | D:3      | Reached XP level 6. HP: 38/39 MP: 6/6
  2089 | D:3      | Found a shadowy altar of Dithmenos.
  2404 | D:4      | Found a radiant altar of Vehumet.
  2492 | D:4      | Got a slimy robe
  2493 | D:4      | Identified the cursed +1 robe of Noughts and Crosses {rPois
                  | Str+5} (You found it on level 4 of the Dungeon)
  2686 | D:4      | Reached XP level 7. HP: 44/44 MP: 7/7
  3022 | D:4      | Reached skill level 5 in Fighting
  3022 | D:4      | Reached skill level 4 in Staves
  3081 | D:5      | Entered Level 5 of the Dungeon
  3098 | D:5      | Reached **** piety under Okawaru
  3132 | D:5      | Reached XP level 8. HP: 21/49 MP: 8/8
  3145 | D:5      | Reached skill level 5 in Staves
  3393 | D:5      | Noticed a +0 dagger
  3393 | D:5      | Noticed a +0 dagger
  3397 | D:5      | Found a hide-covered altar of Uskayaw.
  3470 | D:5      | Found a snail-covered altar of Cheibriados.
  3526 | D:5      | Found a staircase to the Ecumenical Temple.
  3674 | D:5      | Reached skill level 6 in Staves
  3805 | D:5      | Reached skill level 5 in Armour
  3835 | D:5      | Reached ***** piety under Okawaru
  3921 | D:5      | Found a burning altar of Makhleb.
  4349 | D:6      | Reached XP level 9. HP: 56/56 MP: 9/9
  4506 | D:6      | Found an ornate altar of the Wu Jian Council.
  4590 | D:6      | Found a shattered altar of Ashenzari.
  4592 | D:6      | Found a basalt altar of Yredelemnul.
  4592 | D:6      | Found a glowing silver altar of Zin.
  4621 | D:6      | Reached skill level 5 in Dodging
  4720 | D:6      | Reached skill level 7 in Staves
  5134 | D:7      | Noticed Prince Ribbit
  5137 | D:7      | Killed Prince Ribbit
  5144 | D:7      | Noticed Pikel
  5158 | D:7      | Killed Pikel
  5355 | D:7      | Found Xiet's Distillery.
  5365 | D:7      | Found a bloodstained altar of Trog.
  5379 | D:7      | Received a gift from Okawaru
  5564 | D:7      | Noticed Harold
  5578 | D:7      | Killed Harold
  5578 | D:7      | Reached skill level 8 in Staves
  5578 | D:7      | Reached XP level 10. HP: 45/64 MP: 10/10
  6043 | D:7      | Found a glowing golden altar of the Shining One.
  6173 | D:7      | Found a runed translucent door.
  6174 | D:7      | Noticed Crazy Yiuf
  6180 | D:7      | Killed Crazy Yiuf
  6355 | D:8      | Found Oskaggatz's Food Shop.
  6361 | D:8      | Reached skill level 9 in Staves
  6518 | D:8      | Found a runed translucent gate.
  6518 | D:8      | Noticed spsoon's ghost (novice VSGl)
  6519 | D:8      | Found a runed translucent gate.
  6519 | D:8      | Found a runed translucent gate.
  6859 | D:8      | Noticed a two-headed ogre
  6869 | D:8      | Killed a two-headed ogre
  6869 | D:8      | Reached ****** piety under Okawaru
  7166 | D:8      | Found a staircase to the Lair.
  7262 | Lair:1   | Entered Level 1 of the Lair of Beasts
  7297 | Lair:1   | Noticed Joseph
  7301 | Lair:1   | Noticed a seven-headed hydra
  7311 | Lair:1   | Killed Joseph
  7311 | Lair:1   | Received a gift from Okawaru
  7314 | Lair:1   | Got a translucent lajatang {god gift}
  7316 | Lair:1   | Identified the +1 lajatang of Ravaas {flame, Dex+6}
                  | (Okawaru gifted it to you on level 1 of the Lair of Beasts)
  7337 | Lair:1   | Killed a two-headed hydra
  7337 | Lair:1   | Reached skill level 10 in Staves
  7337 | Lair:1   | Reached XP level 11. HP: 36/69 MP: 11/11
  8141 | Lair:1   | Received a gift from Okawaru
  8668 | Lair:2   | Reached skill level 11 in Staves
  9781 | Lair:1   | Reached XP level 12. HP: 10/77 MP: 12/12
 10091 | Lair:1   | Learned a level 2 spell: Swiftness
 10102 | Lair:2   | Reached skill level 10 in Fighting
 10260 | Lair:3   | Reached skill level 1 in Air Magic
 10451 | Lair:3   | Received a gift from Okawaru
 10555 | Lair:3   | Reached skill level 12 in Staves
 11124 | Lair:4   | Found a staircase to the Snake Pit.
 11375 | Lair:4   | Reached skill level 10 in Armour
 11405 | Lair:4   | Found a staircase to the Shoals.
 11600 | Lair:4   | Noticed a death yak
 11601 | Lair:4   | Noticed a death yak
 11601 | Lair:4   | Noticed a death yak
 11601 | Lair:4   | Noticed a death yak
 11602 | Lair:4   | Noticed a death yak
 11751 | D:9      | Found a staircase to the Orcish Mines.
 11759 | D:9      | Found a roughly hewn altar of Beogh.
 11772 | D:10     | Entered Level 10 of the Dungeon
 12602 | D:9      | Found Dox Soet's Gadget Shop.
 12608 | D:9      | Bought a lightning rod (4/4) for 480 gold pieces
 12608 | D:9      | Bought a lightning rod (4/4) for 480 gold pieces
 12642 | D:9      | Received a gift from Okawaru
 12667 | D:9      | Found Apsup's Jewellery Shop.
 12690 | D:9      | Found a sparkling altar of Nemelex Xobeh.
 12903 | D:9      | Got a heavily runed leather armour
 12914 | D:9      | Identified the +1 leather armour "Mysul" {Dex+2} (You found
                  | it on level 9 of the Dungeon)
 13028 | D:9      | Found Sefruluh's Distillery.
 13056 | D:9      | Noticed Grum
 13075 | D:9      | Killed Grum
 13086 | D:9      | Reached XP level 13. HP: 69/84 MP: 13/13
 13392 | D:10     | Reached skill level 1 in Evocations
 13891 | D:10     | Reached skill level 13 in Staves
 13923 | Orc:1    | Entered Level 1 of the Orcish Mines
 15548 | Orc:2    | Entered Level 2 of the Orcish Mines
 15964 | Orc:2    | Noticed an orc warlord
 16025 | Orc:1    | Demolished by an orc warlord

Skill      XL: |  1  2  3  4  5  6  7  8  9 10 11 12 13 |
---------------+----------------------------------------+-----
Armour         | 1 2 3 4 5 6 8 9 10 | 10.5
Staves         | 2 3 4 6 8 10 11 12 13 | 13.2
Fighting       | 4 5 6 7 8 9 10 11 | 11.1
Dodging        | 3 4 5 6 7 8 |  8.7
Air Magic      | 3 |  3.8
Evocations     | 2 |  2.2
Maces & Flails | |  3.3
Stealth        | |  2.1

Action                   |  1- 3 |  4- 6 |  7- 9 | 10-12 | 13-15 || total
-------------------------+-------+-------+-------+-------+-------++-------
Melee: Mace              |    72 |       |       |       |       ||    72
       Quarterstaff      |    15 |    60 |   177 |    84 |       ||   336
       Lajatang          |       |       |       |   537 |   281 ||   818
 Cast: Swiftness         |       |       |       |       |     2 ||     2
Invok: Heroism           |       |       |       |     3 |     4 ||     7
       Finesse           |       |       |       |       |     1 ||     1
  Use: Scroll            |     3 |     2 |     3 |    11 |     5 ||    24
       Potion            |       |       |     4 |    10 |     1 ||    15
 Stab: Sleeping          |     7 |     6 |    12 |     7 |     2 ||    34
       Distracted        |       |       |     2 |       |       ||     2
       Fleeing           |       |       |       |       |     1 ||     1
  Eat: Chunk             |     1 |     4 |     6 |    17 |     7 ||    35
       Ration            |       |       |     1 |     2 |     1 ||     4
Armor: Robe              |    40 |    18 |    44 |    39 |       ||   141
       Skin              |       |       |       |     5 |       ||     5
       Ring mail         |       |       |       |   169 |       ||   169
       Leather armour    |       |       |       |     4 |    56 ||    60
       Plate armour      |       |       |       |       |     2 ||     2
Dodge: Dodged            |   100 |    32 |    83 |   606 |   270 ||  1091
